 Dungeon Crawl Stone Soup version 0.31.0-11-ge490571c62 (webtiles) character file.

Game seed: 9438780995219740744

20 qw the Shooter (level 2, -1/16 HPs)
             Began as a Deep Elf Hunter on Feb 3, 2024.
             Slain by a jackal (2 damage)
             ... on level 1 of the Dungeon.
             The game lasted 00:00:01 (365 turns).

qw the Shooter (Deep Elf Hunter)                     Turns: 365, Time: 00:00:01

Health: -1/16      AC:  3    Str:  8    XL:     2   Next: 58%
Magic:  4/4        EV: 12    Int: 13    God:
Gold:   49         SH:  0    Dex: 18    Spells: 1/1 levels left

rFire   . . .        a - +0 shortbow
rCold   . . .        (shield currently unavailable)
rNeg    . . .        c - +0 leather armour
rPois   .            (no helmet)
rElec   .            (no cloak)
rCorr   .            (no gloves)
SInv    .            (no boots)
Will    .....        (no amulet)
Stlth   ++           (no ring)
HPRegen 0.22/turn    (no ring)
MPRegen 0.09/turn

%: no passive effects
@: no status effects
A: no striking features
a: no special abilities


You were on level 1 of the Dungeon.
You visited 1 branch of the dungeon, and saw 1 of its levels.

You collected 49 gold pieces.


   Skills:
 - Level 1.5 Fighting
 + Level 6.3 Ranged Weapons
 - Level 2.4 Dodging
 - Level 1.2 Stealth


You had one spell level left.
You didn't know any spells.
Your spell library was empty.

Inventory:

Hand Weapons
 a - a +0 shortbow (weapon)
Armour
 c - a +0 leather armour (worn)
Jewellery
 f - a +5 ring of evasion
Scrolls
 b - a scroll of butterflies
 d - 4 scrolls of teleportation {unknown}
 e - a scroll of immolation {unknown}

Dungeon Overview and Level Annotations

Branches:
Dungeon (1/15)

Altars:


Message History

You shoot an arrow. The arrow misses the jackal.
The arrow misses the frilled lizard.
The arrow closely misses the jackal.
The jackal barely misses you.
You shoot an arrow.
The arrow hits the jackal but does no damage.
The jackal is heavily wounded.
The jackal misses you. The jackal barely misses you.
The jackal closely misses you.
You shoot an arrow. The arrow closely misses the jackal.
The arrow closely misses the frilled lizard.
The jackal barely misses you. The jackal misses you.
The jackal bites you but does no damage.
You shoot an arrow. The arrow hits the jackal.
You kill the jackal!
The jackal misses you.
The jackal bites you but does no damage. x2
The frilled lizard bites you but does no damage.
You shoot an arrow. The arrow misses the jackal.
The jackal bites you but does no damage.
The jackal bites you. The jackal barely misses you.
The frilled lizard closely misses you. The jackal bites you.
The jackal barely misses you. x2
You shoot an arrow. The arrow barely misses the jackal.
The jackal bites you. x2; The jackal barely misses you.
The frilled lizard bites you but does no damage.
The jackal closely misses you. The jackal barely misses you.
You shoot an arrow. The arrow hits the jackal.
The jackal is moderately wounded.
The jackal bites you. The frilled lizard bites you.
The jackal closely misses you. The jackal bites you.
The jackal barely misses you.
The frilled lizard completely misses you.
You shoot an arrow. The arrow barely misses the jackal.
The jackal completely misses you. The jackal closely misses you. x2
The jackal bites you. x2; The frilled lizard closely misses you.
The jackal barely misses you.
You shoot an arrow. The arrow hits the jackal.
The jackal is severely wounded.
The jackal bites you.
You die...

### ###
....#########.#
...........##.#
......hh...##.#
.....rl@...##.#
......h#..###.#
......###.# #.#
...... #.#
#.##### .....
#.###.....######
....>
#...#.....##....
....
###.......%..##.
......#.#
##......####..
................#
#...


You could see 3 jackals, a frilled lizard and a rat.

Vanquished Creatures
  A dart slug (D:1)
  3 endoplasms (D:1)
  A giant cockroach (D:1)
  A goblin (D:1)
  A hobgoblin (D:1)
  A jackal (D:1)
  3 kobolds (D:1)
  A ball python (D:1)
  A bat (D:1)
  A frilled lizard (D:1)
  2 rats (D:1)
16 creatures vanquished.

Notes
Turn   | Place    | Note
-------+----------+-------------------------------------------
     0 | D:1      | qw the Deep Elf Hunter began the quest for the Orb.
     0 | D:1      | Reached XP level 1. HP: 12/12 MP: 3/3
     0 | D:1      | 0 ||| qw: Version: 0.3-a-157-g843a77d
     0 | D:1      | 0 ||| qw: Game counter: 3723
     0 | D:1      | 0 ||| qw: Melee chars always use a shield: true
     0 | D:1      | 0 ||| qw: God list: Okawaru
     0 | D:1      | 0 ||| qw: Allow faded altars: false
     0 | D:1      | 0 ||| qw: Do Orc after clearing Dungeon:15 true
     0 | D:1      | 0 ||| qw: Do second Lair branch before Depths: true
     0 | D:1      | 0 ||| qw: Lair rune preference: random
     0 | D:1      | 0 ||| qw: Goals: Normal
     0 | D:1      | 0 ||| PLANNING D:1-11
    79 | D:1      | Found a faded altar of an unknown god.
   177 | D:1      | Reached skill level 6 in Ranged Weapons
   177 | D:1      | Reached XP level 2. HP: 16/16 MP: 4/4
   363 | D:1      | HP: 3/16 [jackal (3)]
   364 | D:1      | HP: 1/16 [jackal (1)]
   365 | D:1      | Slain by a jackal

Levels and vault maps discovered:
D:1:      amcnicky_arrival_double_pillar, layout_rooms,
          dilly_ecumenical_altar_fadedgnrine

Skill      XL: |  1 |
---------------+----+-----
Ranged Weapons | 6 |  6.3
Fighting       | |  1.5
Dodging        | |  2.4
Stealth        | |  1.2

Action                     || total
---------------------------++-------
   Fire: Shortbow          ||    47
 Armour: Leather armour    ||    18
  Dodge: Dodged            ||    24

Table legend:
 A = Non-vault XP
 B = Vault XP
 C = Vault XP percentage of total XP
 D = Non-vault monster count
 E = Vault monster count
 F = Vault count percentage of total count
                 A         B        C        D         E       F
            +---------+---------+-------+---------+---------+-------
      Total |      29 |       0 |   0.0 |      16 |       0 |   0.0
            +---------+---------+-------+---------+---------+-------
        D:1 |      29 |       0 |   0.0 |      16 |       0 |   0.0
            +---------+---------+-------+---------+---------+-------
